 Dungeon Crawl Stone Soup version 0.21.0 (webtiles) character file.

3232 inmateoo the Grappler (level 9, -3/72 (75) HPs)
             Began as a Barachi Hunter on Jan 7, 2018.
             Was an Elder of Cheibriados.
             Slain by a two-headed ogre
             ... wielding a cursed +0 giant spiked club
              (21 damage)
             ... on level 7 of the Dungeon.
             The game lasted 00:14:33 (9193 turns).

inmateoo the Grappler (Barachi Hunter)              Turns: 9193, Time: 00:14:34

HP:   -3/72 (75)    AC: 10    Str: 26    XL:     9   Next: 98%
MP:   20/20         EV:  8    Int: 20    God:    Cheibriados [****..]
Gold: 65            SH:  0    Dex: 20    Spells: 5/8 levels left

rFire    . . .     SeeInvis +     - Unarmed
rCold    . . .     Gourm    .   (no shield)
rNeg     . . .     Faith    .   y - +0 plate armour
rPois    .         Spirit   .   (no helmet)
rElec    .         Reflect  .   (no cloak)
rCorr    .         Harm     .   (no gloves)
MR       .....                  (no boots)
Stlth    ..........             n - amulet of regeneration (curse)
HPRegen  0.62/turn              m - ring of magical power
MPRegen  0.17/turn              b - ring of see invisible

@: very slow
A: +LOS, swims, clumsy 1, robust 1, slowness 1, strong legs 1
a: Hop, Bend Time, Temporal Distortion, Slouch, Renounce Religion


You were on level 7 of the Dungeon.
You worshipped Cheibriados.
Cheibriados was greatly pleased with you.
You were hungry.

You visited 2 branches of the dungeon, and saw 8 of its levels.

You collected 296 gold pieces.
You spent 231 gold pieces at shops.

Inventory:

Hand Weapons
 c - a +0 whip of electrocution
 e - a +1 flail of venom
Missiles
 a - 4 javelins
 d - a throwing net (quivered)
Armour
 p - a +0 leather armour of poison resistance
 q - a +3 leather armour
 y - a +0 plate armour (worn)
Jewellery
 b - a ring of see invisible (right hand)
 m - a ring of magical power (left hand)
 n - a cursed amulet of regeneration (around neck)
Wands
 h - a wand of clouds (7)
 s - a wand of paralysis (19)
Scrolls
 g - 4 scrolls of teleportation
 k - 4 scrolls of remove curse
 l - 4 scrolls of amnesia
 r - a scroll of enchant armour
Potions
 j - 2 potions of heal wounds
 u - 3 potions of curing
 v - a potion of flight
 w - a potion of might
 z - a potion of magic {unknown}
Books
 t - a book of Debilitation

   Spells                             Type                      Level
   a - Corona                         Hexes                        1
   b - Slow                           Hexes                        2
   c - Inner Flame                    Hexes/Fire                   3
   d - Portal Projectile              Hexes/Translocation          3
   e - Cause Fear                     Hexes                        4
   f - Leda's Liquefaction            Hexes/Earth                  4
 x - a book of Battle

   Spells                             Type                      Level
   a - Infusion                       Charms                       1
   b - Shroud of Golubria             Charms/Translocation         2
   c - Song of Slaying                Charms                       2
   d - Spectral Weapon                Hexes/Charms                 3
   e - Regeneration                   Charms/Necromancy            3
Comestibles
 f - 9 rations


   Skills:
 + Level 6.0 Fighting
 - Level 4.0 Throwing
 + Level 1.3 Armour
 + Level 2.7 Dodging
 - Level 0.8 Stealth
 * Level 12.5 Unarmed Combat
 + Level 3.7 Invocations


You had 5 spell levels left.
You knew the following spells:

 Your Spells              Type           Power        Failure   Level  Hunger
a - Regeneration          Chrm/Necr      #.........   100%        3    ####...


Dungeon Overview and Level Annotations

Branches:
Dungeon (7/15)             Temple (1/1) D:4

Altars:
Ashenzari
Cheibriados
Dithmenos
Elyvilon
Fedhas
Gozag
Hepliaklqana
Kikubaaqudgha
Makhleb
Nemelex Xobeh
Okawaru
Qazlal
Ru
Sif Muna
Trog
Uskayaw
Vehumet
Wu Jian
Xom
Yredelemnul
Zin
The Shining One

Shops:
D:6 !   D:7 (


Innate Abilities, Weirdness & Mutations

Shadows flee at your approach. (+LOS)
You can swim through water.
You cover ground slowly.
You can hop short distances.
You are clumsy. (Dex -2)
You are robust. (+10% HP)


Message History

You punch the necrophage!
You destroy the necrophage!
Cheibriados appreciates the change of pace.
Your Fighting skill increases to level 6!
No target in view!
A two-headed ogre comes into view.
It is wielding a giant spiked club and a giant club.
The two-headed ogre shouts in stereo!
A two-headed ogre is nearby!
You pummel the two-headed ogre!! You punch the two-headed ogre!
The two-headed ogre is heavily wounded.
The two-headed ogre hits you with a giant spiked club!
The two-headed ogre hits you with a giant club!
You hit the two-headed ogre but do no damage.
The two-headed ogre is heavily wounded.
You pummel the two-headed ogre!!
The two-headed ogre is almost dead.
The two-headed ogre hits you with a giant spiked club!!
* * * LOW HITPOINT WARNING * * *
The two-headed ogre hits you with a giant club!!
You die...

#..#........###....#.
#..#.######.##......
...#.#....# #.....#
##.#.#.##(# #.....#
##.#.#.##.# ..(..#
.#.#.#.##.# #....#
.#.#.#.##.#####[...#
...#.#.#<.#.....O###
#..#.#.#####....@..#
#..#.#.............#
...#...(...#.......#
#..#.#####.#.......#
#....# #.#..........
#....# #.##......####
#....# #.##......#
#....# #.##......#
#...># #.##......#


You could see a two-headed ogre.

Vanquished Creatures
  A two-headed ogre (D:7)
  A hippogriff (D:7)
  Sigmund (D:3)
  The ghost of MovingMist the Distorting Demonspawn, an amateur DsAK of Lugonu (D:3)
  Edmund (D:5)
  An ice beast (D:5)
  3 ogres
  2 necrophages
  4 centaurs
  A bullfrog (D:6)
  4 scorpions
  A wight (D:6)
  The ghost of inmateoo the Chucker, a weakling BaHu (D:5)
  A centaur zombie (D:6)
  3 crimson imps
  A centaur skeleton (D:4)
  2 hounds
  An orc priest (D:3)
  A bullfrog skeleton (D:6)
  A gnoll shaman (D:7)
  4 worker ants
  Terence (D:3)
  An orc wizard (D:5)
  A killer bee zombie (D:6)
  A hound skeleton (D:4)
  2 hound zombies
  10 gnolls
  8 adders
  2 shadow imps (D:7)
  2 oozes
  2 adder skeletons
  3 worms
  The ghost of inmateoo the Chucker, a weakling BaHu (D:4)
  7 dart slugs
  5 leopard geckos
  13 orcs
  5 bats
  2 giant cockroaches
  7 hobgoblins
  4 jackals (D:2)
  9 kobolds
  4 quokkas
  A ball python (D:1)
  2 frilled lizards
  4 goblins
  A quokka skeleton (D:4)
  8 rats
142 creatures vanquished.

Vanquished Creatures (others)
  A sky beast (D:6)
  A bullfrog (D:6)
  A worker ant (D:6)
  A leopard gecko (D:6)
  A giant cockroach (D:6)
  A jackal (D:6)
6 creatures vanquished.

Grand Total: 148 creatures vanquished

Notes
Turn   | Place    | Note
-------+----------+-------------------------------------------
     0 | D:1      | inmateoo the Barachi Hunter began the quest for the Orb.
     0 | D:1      | Reached XP level 1. HP: 17/17 MP: 1/1
    53 | D:1      | Reached skill level 1 in Unarmed Combat
   628 | D:1      | Reached XP level 2. HP: 23/23 MP: 2/2
   731 | D:1      | Reached skill level 2 in Unarmed Combat
  1384 | D:2      | Noticed a crimson imp
  1678 | D:3      | Noticed Terence
  1700 | D:3      | Reached skill level 3 in Unarmed Combat
  1700 | D:3      | Reached XP level 3. HP: 18/28 MP: 3/3
  1712 | D:3      | Gained mutation: You are clumsy. (Dex -2) [potion of mutation]
  1712 | D:3      | Gained mutation: You are robust. (+10% HP) [potion of mutation]
  1731 | D:3      | Noticed MovingMist's ghost (amateur DsAK)
  1740 | D:3      | Killed Terence
  1740 | D:3      | Reached XP level 4. HP: 17/37 MP: 4/4
  1745 | D:3      | Reached skill level 4 in Unarmed Combat
  1969 | D:4      | Found a staircase to the Ecumenical Temple.
  1979 | Temple   | Entered the Ecumenical Temple
  2124 | Temple   | Became a worshipper of Cheibriados the Contemplative
  2361 | D:4      | Noticed an ogre
  2470 | D:2      | Reached skill level 5 in Unarmed Combat
  2470 | D:2      | Reached XP level 5. HP: 25/42 MP: 5/5
  2996 | D:2      | Reached * piety under Cheibriados
  3247 | D:2      | Reached skill level 6 in Unarmed Combat
  3809 | D:3      | Reached XP level 6. HP: 27/50 MP: 6/6
  4287 | D:3      | Noticed Sigmund
  4296 | D:3      | Killed Sigmund
  4296 | D:3      | Reached skill level 7 in Unarmed Combat
  4296 | D:3      | Reached XP level 7. HP: 32/56 MP: 7/7
  4353 | D:3      | HP: 2/56 [MovingMist's ghost (6)]
  4729 | D:4      | Reached ** piety under Cheibriados
  4842 | D:4      | Noticed inmateoo's ghost (weakling BaHu)
  4851 | D:4      | Killed inmateoo's ghost
  5110 | D:4      | Reached skill level 8 in Unarmed Combat
  5681 | D:3      | Killed MovingMist's ghost
  5681 | D:3      | Reached skill level 9 in Unarmed Combat
  6073 | D:5      | Entered Level 5 of the Dungeon
  6112 | D:5      | Noticed inmateoo's ghost (weakling BaHu)
  6123 | D:5      | Killed inmateoo's ghost
  6197 | D:5      | Reached XP level 8. HP: 62/62 MP: 8/8
  6247 | D:5      | Noticed Edmund
  6262 | D:5      | Killed Edmund
  6262 | D:5      | Reached skill level 10 in Unarmed Combat
  6277 | D:5      | Got a fine leather armour
  6288 | D:5      | Identified the +0 leather armour "Muggi" {rCorr} (You found it on level 5 of the Dungeon)
  7366 | D:6      | Reached *** piety under Cheibriados
  7686 | D:6      | Reached skill level 11 in Unarmed Combat
  7780 | D:6      | Reached skill level 1 in Invocations
  7997 | D:6      | Reached XP level 9. HP: 44/71 MP: 10/10
  8145 | D:6      | Found a sparkling altar of Nemelex Xobeh.
  8314 | D:6      | Found a shimmering altar of Xom.
  8327 | D:6      | Found Xodghudi's Distillery.
  8333 | D:6      | Bought a potion of curing for 33 gold pieces
  8333 | D:6      | Bought a potion of might for 44 gold pieces
  8333 | D:6      | Bought a potion of heal wounds for 55 gold pieces
  8333 | D:6      | Bought a potion of curing for 33 gold pieces
  8333 | D:6      | Bought a potion of curing for 33 gold pieces
  8333 | D:6      | Bought a potion of lignification for 33 gold pieces
  8702 | D:7      | Noticed a two-headed ogre
  8711 | D:7      | Killed a two-headed ogre
  8711 | D:7      | Reached **** piety under Cheibriados
  8711 | D:7      | Reached skill level 5 in Fighting
  8711 | D:7      | Reached skill level 12 in Unarmed Combat
  8824 | D:7      | Learned a level 3 spell: Regeneration
  8912 | D:7      | Found Jeokhlic's Weapon Emporium.
  8924 | D:7      | Reached skill level 1 in Armour
  9187 | D:7      | Noticed a two-headed ogre
  9193 | D:7      | Slain by a two-headed ogre

Skill      XL: |  1  2  3  4  5  6  7  8  9 |
---------------+----------------------------+-----
Unarmed Combat | 1 3 5 6 7 9 11 12 | 12.5
Fighting       | 3 6 |  6.0
Invocations    | 1 3 |  3.7
Armour         | 1 |  1.3
Throwing       | |  4.0
Dodging        | |  2.7
Stealth        | |  0.8

Action                   |  1- 3 |  4- 6 |  7- 9 || total
-------------------------+-------+-------+-------++-------
Melee: Unarmed           |    38 |    11 |   350 ||   399
       Mace              |     3 |       |       ||     3
       Flail             |       |   140 |       ||   140
       Punch             |       |     1 |    24 ||    25
       Whip              |       |    13 |    26 ||    39
 Fire: Hunting sling     |    76 |       |       ||    76
Throw: Javelin           |    13 |     6 |       ||    19
       Throwing net      |     1 |     2 |       ||     3
 Abil: Hop               |     2 |     4 |     3 ||     9
  Use: Scroll            |     3 |     7 |     5 ||    15
       Potion            |     6 |     1 |     2 ||     9
 Stab: Sleeping          |       |       |     1 ||     1
  Eat: Chunk             |     2 |     4 |     8 ||    14
       Ration            |       |     1 |       ||     1
Armor: Leather armour    |    17 |       |    56 ||    73
       Scale mail        |    50 |    96 |    26 ||   172
       Chain mail        |       |       |    27 ||    27
       Plate armour      |       |       |     4 ||     4
       Skin              |       |       |     1 ||     1
Dodge: Dodged            |    89 |   121 |   192 ||   402
